 Dungeon Crawl Stone Soup version 0.20.0 (webtiles) character file.

51 Eucla the Ducker (level 3, 0/19 HPs)
             Began as a Spriggan Fighter on June 2, 2017.
             Shot with a stone by a goblin (8 damage)
             ... on level 2 of the Dungeon.
             The game lasted 00:00:55 (695 turns).

Eucla the Ducker (Spriggan Fighter)                  Turns: 695, Time: 00:00:56

Health: 0/19       AC:  2    Str: 13    XL:     3   Next: 58%
Magic:  4/4        EV: 19    Int:  9    God:
Gold:   34         SH:  6    Dex: 15    Spells: 2/2 levels left

rFire    . . .     SeeInvis +   a - +0 long sword
rCold    . . .     Gourm    .   c - +0 buckler
rNeg     . . .     Faith    .   b - +0 robe
rPois    .         Spirit   .   (helmet restricted)
rElec    .         Reflect  .   (no cloak)
rCorr    .         Harm     .   (gloves unavailable)
MR       .....                  (boots unavailable)
Stlth    +.........             (no amulet)
Regen    0.1/turn               (no ring)
MPRegen  0.1/turn               (no ring)

@: very quick
A: unfitting armour, see invisible, herbivore 3, speed 3, slow metabolism 2
a: no special abilities


You were on level 2 of the Dungeon.
You were not hungry.

You visited 1 branch of the dungeon, and saw 2 of its levels.

You collected 34 gold pieces.

Inventory:

Hand Weapons
 a - a +0 long sword (weapon)
Armour
 b - a +0 robe (worn)
 c - a +0 buckler (worn)
Scrolls
 g - a scroll of random uselessness {unknown}
 h - 3 scrolls of identify {unknown}
 i - a scroll of fear {unknown}
 j - a scroll of teleportation {unknown}
 k - a scroll of fog {unknown}
 l - a scroll of remove curse {unknown}
 q - a scroll of enchant weapon {unknown}
Potions
 d - a potion of might
 e - a potion of lignification {unknown}
 m - a potion of invisibility {unknown}
 n - a potion of haste {unknown}
 p - a potion of mutation {unknown}
Comestibles
 f - 2 bread rations
 o - 2 royal jellies


   Skills:
 - Level 2.4 Fighting
 + Level 3.3 Long Blades
 - Level 4.4 Dodging
 - Level 2.1 Shields


You had 2 spell levels left.
You didn't know any spells.

Dungeon Overview and Level Annotations

Branches:
Dungeon (2/15)

Altars:


Innate Abilities, Weirdness & Mutations

You are very small and have problems with some larger weapons.
You are too small for most types of armour.
You have supernaturally acute eyesight. (SInv)
You are a herbivore.
You cover ground extremely quickly.
You need consume almost no food.


Message History

a flail of holy wrath; a scale mail
h - 3 scrolls labeled KOXUN HIAKAU (gained 1)
A goblin comes into view. It is wielding a club.
The goblin shouts!
You are too injured to fight recklessly!
You are too injured to fight recklessly!
A goblin is nearby!
Unknown command.
You are too injured to fight recklessly!
A goblin is nearby!
You are too injured to fight recklessly!
A goblin is nearby!
You are too injured to fight recklessly!
A goblin is nearby!
Unknown command.
You are too injured to fight recklessly!
Unknown command.
The goblin unwields an uncursed club.
The goblin wields a hunting sling.
The goblin shoots a stone.
The stone hits you!
You die...

#. #... ... #. #..##
#.# .. ..........##.#
#. #..##.#.#.##.# #g
#..##.#....... #.
#..##.#.#.##.#
####g###..##.#.#.##.#
#.....@........#<##.#
#.##.###..##.#.#.##.###
#. #.............). #.
##.##.#.#.##.### ..
#.............
#...........####.###
######.##.#.# #...
#....... .....
#.#...... #####


You could see a goblin.

Vanquished Creatures
  Terence (D:2)
  A giant cockroach (D:1)
  5 goblins (D:1)
  3 hobgoblins (D:1)
  5 kobolds (D:1)
  A ball python (D:1)
  6 bats (D:1)
  2 frilled lizards (D:1)
  3 rats (D:1)
27 creatures vanquished.

Notes
Turn   | Place    | Note
-------+----------+-------------------------------------------
     0 | D:1      | Eucla the Spriggan Fighter began the quest for the Orb.
     0 | D:1      | Reached XP level 1. HP: 11/11 MP: 2/2
   236 | D:1      | Reached XP level 2. HP: 16/16 MP: 3/3
   663 | D:2      | Noticed Terence
   672 | D:2      | Killed Terence
   672 | D:2      | Reached XP level 3. HP: 7/19 MP: 4/4
   695 | D:2      | Shot with a stone by a goblin

Skill      XL: |  1  2 |
---------------+-------+-----
Long Blades    | 2 3 |  3.3
Fighting       | |  2.4
Dodging        | |  4.4
Shields        | |  2.1

Action                   || total
-------------------------++-------
Melee: Long sword        ||    51
 Stab: Sleeping          ||     1
Armor: Robe              ||     2
Dodge: Dodged            ||    47
Block: Buckler           ||    12
       Rpst.: Long sword ||    18
